 Dungeon Crawl Stone Soup version 0.27.1-2-g3b301248ec (webtiles) character file.

Game seed: 4141497228548644562

47429 Rickety the Thaumaturge (level 14, -14/79 (108) HPs)
             Began as a Gnoll Venom Mage on Sept 23, 2021.
             Was an Elder of Sif Muna.
             Demolished by Rupert (18 damage)
             ... on level 4 of the Lair of Beasts.
             The game lasted 01:15:23 (24128 turns).

Rickety the Thaumaturge (Gnoll Venom Mage)         Turns: 24128, Time: 01:15:24

HP:   -14/79 (108)  AC:  9    Str:  7    XL:     14   Next: 41%
MP:   12/28         EV: 21    Int: 19    God:    Sif Muna [****..]
Gold: 1130          SH:  0    Dex: 14    Spells: 6/33 levels left

rFire    . . .     SeeInvis .   b - +3 dagger (freeze)
rCold    . . .     Faith    .   (no shield)
rNeg     . . .     Spirit   .   d - +0 robe
rPois    +         Reflect  .   R - +2 hat
rElec    .         Harm     .   (no cloak)
rCorr    .         Rampage  .   C - +2 pair of gloves {Stlth+}
Will     +....                  A - +0 pair of boots
Stlth    +++++.....             x - amulet of the acrobat
HPRegen  0.23/turn              g - +4 ring of evasion
MPRegen  0.21/turn              i - ring of poison resistance

@: very heavily drained
A: fangs 1, strong nose, distributed training
a: Renounce Religion, Channel Magic, Forget Spell, Divine Exegesis


You were on level 4 of the Lair of Beasts.
You worshipped Sif Muna.
Sif Muna was greatly pleased with you.
You visited 4 branches of the dungeon, and saw 18 of its levels.

You collected 1130 gold pieces.

Inventory:

Hand Weapons
 a - a +2 whip of electrocution
 b - a +3 dagger of freezing (weapon)
 c - a +1 dagger of venom
 M - a +0 dagger of flaming
Missiles
 e - 9 curare-tipped darts
 t - 30 poisoned darts
Armour
 d - a +0 robe (worn)
 A - a +0 pair of boots (worn)
 C - a +2 pair of gloves of stealth (worn)
 G - a +0 tower shield
 H - a +2 pair of gloves
 R - a +2 hat (worn)
Magical Staves
 u - a staff of death
Jewellery
 g - a +4 ring of evasion (left hand)
 i - a ring of poison resistance (right hand)
 m - a ring of positive energy
 x - an amulet of the acrobat (around neck)
Wands
 n - a wand of flame (100)
 o - a wand of digging (5)
 y - a wand of charming (8)
 z - a wand of polymorph (17)
 E - a wand of acid (17)
 L - a wand of iceblast (16)
 W - a wand of paralysis (12)
 X - a wand of mindburst (9)
Scrolls
 f - 6 scrolls of teleportation
 k - 6 scrolls of amnesia
 r - 5 scrolls of fog
 s - a scroll of enchant armour
 D - a scroll of holy word {unknown}
 F - 4 scrolls of fear {unknown}
 I - a scroll of enchant weapon
 O - a scroll of silence {unknown}
 Q - 3 scrolls of vulnerability {unknown}
Potions
 h - 5 potions of might
 l - 2 potions of magic
 q - a potion of resistance {unknown}
 v - a potion of haste
 w - 4 potions of lignification
 B - 2 potions of ambrosia {unknown}
 N - 5 potions of curing
 S - 2 potions of berserk rage
 T - 2 potions of flight
 U - 2 potions of brilliance
Miscellaneous
 j - a phantom mirror
 p - a phial of floods


   Skills:
 + Level 9.0 Fighting
 + Level 9.0 Short Blades
 + Level 9.0 Long Blades
 + Level 9.0 Axes
 + Level 9.0 Maces & Flails
 + Level 9.0 Polearms
 + Level 9.0 Staves
 + Level 9.0 Slings
 + Level 9.0 Bows
 + Level 9.0 Crossbows
 + Level 9.0 Throwing
 + Level 9.0 Armour
 + Level 10.1 Dodging
 + Level 9.9 Stealth
 + Level 9.0 Shields
 + Level 9.0 Unarmed Combat
 + Level 10.2 Spellcasting
 + Level 7.5 Conjurations
 + Level 7.5 Hexes
 + Level 7.5 Summonings
 + Level 7.5 Necromancy
 + Level 7.5 Translocations
 + Level 7.8 Transmutations
 + Level 7.5 Fire Magic
 + Level 7.5 Ice Magic
 + Level 7.5 Air Magic
 + Level 7.5 Earth Magic
 + Level 9.3 Poison Magic
 + Level 9.8 Invocations
 + Level 9.0 Evocations


You had 6 spell levels left.
You knew the following spells:

 Your Spells              Type           Power      Damage    Failure   Level
a - Sting                 Tmut/Pois      100%       1d8       1%          1
d - Dazzling Flash        Conj/Hex       76%        N/A       1%          3
m - Mephitic Cloud        Conj/Pois/Air  40%        N/A       1%          3
v - Poisonous Vapours     Pois/Air       82%        N/A       1%          2
x - Olgreb's Toxic Radia  Pois           45%        N/A       1%          4
B - Fireball              Conj/Fire      19%        3d9       9%          5
D - Dispel Undead         Necr           38%        3d16      3%          4
F - Freezing Cloud        Conj/Ice/Air   19%        6-21      9%          5

Your spell library contained the following spells:

 Spells                   Type           Power      Damage    Failure   Level
 Corpse Rot               Necr/Air       N/A        N/A       1%          2
 Call Canine Familiar     Summ           38%        N/A       1%          3
 Ozocubu's Armour         Ice            38%        N/A       1%          3
 Portal Projectile        Hex/Tloc       76%        N/A       1%          3
 Hailstorm                Conj/Ice       38%        3d9       3%          4
 Leda's Liquefaction      Hex/Erth       19%        N/A       3%          4
 Blade Hands              Tmut           19%        N/A       8%          5
 Agony                    Necr           38%        N/A       9%          5
 Excruciating Wounds      Necr           19%        N/A       9%          5
 Silence                  Hex/Air        19%        N/A       9%          5
 Summon Mana Viper        Hex/Summ       38%        N/A       9%          5
 Yara's Violent Unravell  Hex/Tmut       19%        3d9       9%          5
 Death Channel            Necr           19%        N/A       45%         6
 Invisibility             Hex            19%        N/A       45%         6
 Orb of Destruction       Conj           19%        9d8       95%         7
 Ozocubu's Refrigeration  Ice            19%        4d8       95%         7


Dungeon Overview and Level Annotations

Branches:
Dungeon (11/15)            Temple (1/1) D:5            Lair (5/6) D:11
 Shoals (0/4) Lair:2       Spider (0/4) Lair:3          Orc (1/2) D:10
  Slime: Lair:5-6

Altars:
Ashenzari
Cheibriados
Dithmenos
Elyvilon
Fedhas
Gozag
Hepliaklqana
Kikubaaqudgha
Makhleb
Nemelex Xobeh
Okawaru
Qazlal
Ru
Sif Muna
Trog
Uskayaw
Vehumet
Wu Jian
Xom
Yredelemnul
Zin
The Shining One

Portals:
Trove: D:11 (give 5 scrolls of fear)

Annotations:
D:8 1 runed translucent door, ChodeyFoster420's ghost, novice MiBe
D:11 4 runed translucent doors
Lair:1 2 transporters
Lair:4 Rupert


Innate Abilities, Weirdness & Mutations

You have very sharp teeth.
Your uncanny sense of smell can sniff out nearby items.
Your experience applies equally to all skills.


Message History

Rupert hits you with a +1 triple sword of draining!!
* * * LOW HITPOINT WARNING * * *
You feel drained.
* * * LOW HITPOINT WARNING * * *
Rupert completely misses you. Rupert hits you but does no damage.
You feel drained.
Casting: Mephitic Cloud (safe; 1% risk of failure)
Confirm with . or Enter, or press ? or * to list all spells.
Aiming: Mephitic Cloud (safe; 1% risk of failure)
Press: ? - help, Shift-Dir - straight line, f - Rupert
Aim: Rupert, wielding a +1 triple sword of draining and wearing a +0 scale mail (moderately wounded, berserk, very poisoned, chance to affect: 24%)
The ball explodes into a vile cloud!
The stinking cloud engulfs Rupert but does no damage.
Rupert is moderately wounded.
The stinking cloud engulfs you but does no damage.
You hear a bellow! x3
Rupert is engulfed in noxious fumes.
Rupert completely misses you.
Unknown command.
Rupert is engulfed in noxious fumes.
Rupert rages.
Rupert is engulfed in noxious fumes.
Rupert misses you.
Rupert is engulfed in noxious fumes.
Rupert appears confused.
You enter the shallow water.
Moving in this stuff is going to be slow.
Rupert seems less confused.
Rupert rages.
Rupert splashes around in the water.
Rupert rages.
Casting: Mephitic Cloud (safe; 1% risk of failure)
Confirm with . or Enter, or press ? or * to list all spells.
Aiming: Mephitic Cloud (safe; 1% risk of failure)
Press: ? - help, Shift-Dir - straight line, f/p - Rupert
Aim: Rupert, wielding a +1 triple sword of draining and wearing a +0 scale mail (heavily wounded, berserk, poisoned, chance to affect: 24%)
The ball explodes into a vile cloud!
The stinking cloud engulfs Rupert but does no damage.
Rupert is heavily wounded.
The stinking cloud engulfs you but does no damage.
Rupert is engulfed in noxious fumes.
Rupert hits you with a +1 triple sword of draining!!
You die...

.............................§...
........................≈≈≈§§≈§≈.
........................§≈§§##§≈.
........................≈######§.
........................§## #≈.
........................≈≈# #§.
......................§.§######≈.
................☼.§...§§≈#§≈§§#§.
#...............@@○.....§≈§§§§§§.
..........≈≈≈≈≈≈☼☼○≈..§....§§...§
..........≈≈≈≈≈≈≈≈≈≈...#####...#P
..........≈≈≈≈≈≈≈≈≈≈...######P###
#.........≈≈≈≈≈≈≈≈≈≈..>.#.######P
#..(......≈≈≈≈≈≈≈≈≈≈..........##.
.......................##.#......
#........#P.##.....##...#........
.......######....................


You could see Rupert (berserk, poisoned).

Vanquished Creatures
  5 hydras
  3 death yaks (Lair:5)
  3 two-headed ogres (D:11)
  4 oklob plants (Lair:4)
  An orb spider (Lair:3)
  A manticore (D:11)
  10 elephants
  2 black mambas (Lair:2)
  A molten gargoyle (Lair:4)
  7 cane toads
  6 komodo dragons
  3 rime drakes
  A troll (D:11)
  2 polar bears (Lair:4)
  A hornet (D:11)
  11 blink frogs
  6 dream sheep (Lair:5)
  A spriggan (D:9)
  5 wyverns
  41 yaks
  3 fire bats (Lair:4)
  3 wraiths
  4 basilisks
  12 water moccasins
  Duvessa (D:7)
  2 black bears
  2 orc warriors
  A sky beast (D:7)
  12 wolves
  4 ogres
  14 centaurs
  2 kobold brigands
  14 bullfrogs
  A water moccasin zombie (D:6)
  Dowan (D:7)
  6 killer bees
  3 wights (D:7)
  2 electric eels
  2 howler monkeys (D:7)
  2 centaur zombies
  3 bullfrog zombies (D:5)
  3 hounds
  4 orc priests
  A centaur skeleton (D:5)
  2 gnoll shamans
  A jelly (D:4)
  Natasha (thrice) (D:2)
  13 orc wizards
  2 hound skeletons (D:4)
  Robin (D:2)
  2 howler monkey zombies
  21 gnolls
  5 adders
  A white imp (D:7)
  2 worms (D:2)
  2 dart slugs
  32 orcs
  7 ball pythons
  10 bats
  4 endoplasms
  3 giant cockroaches
  6 hobgoblins
  19 kobolds
  8 quokkas
  2 frilled lizards
  11 goblins
  2 rats
  A fire vortex (Lair:4)
376 creatures vanquished.

Vanquished Creatures (others)
  A bullfrog (Lair:3)
  2 bushes
  29 fungi
  45 plants
77 creatures vanquished.

Grand Total: 453 creatures vanquished

Notes
Turn   | Place    | Note
-------+----------+-------------------------------------------
     0 | D:1      | Rickety the Gnoll Venom Mage began the quest for the Orb.
     0 | D:1      | Reached XP level 1. HP: 13/13 MP: 6/6
     0 | D:1      | Noticed a vampire
     1 | D:1      | Noticed an ogre
     3 | D:1      | Noticed a vine stalker
    11 | D:1      | Noticed a minotaur skeleton
    13 | D:1      | Noticed a draconian
    15 | D:1      | Noticed a merfolk
    21 | D:1      | Noticed a demigod
   353 | D:1      | Reached XP level 2. HP: 19/19 MP: 5/7
   356 | D:1      | Learned a level 2 spell: Poisonous Vapours
  1112 | D:1      | Reached XP level 3. HP: 25/25 MP: 1/9
  1365 | D:2      | Reached skill level 5 in Spellcasting
  1542 | D:2      | Found an opulent altar of Gozag.
  1598 | D:2      | Reached skill level 1 in Invocations
  1605 | D:2      | Reached skill level 1 in Fighting
  1605 | D:2      | Reached skill level 1 in Short Blades
  1605 | D:2      | Reached skill level 1 in Long Blades
  1605 | D:2      | Reached skill level 1 in Axes
  1605 | D:2      | Reached skill level 1 in Maces & Flails
  1605 | D:2      | Reached skill level 1 in Polearms
  1605 | D:2      | Reached skill level 1 in Staves
  1605 | D:2      | Reached skill level 1 in Slings
  1605 | D:2      | Reached skill level 1 in Bows
  1605 | D:2      | Reached skill level 1 in Crossbows
  1605 | D:2      | Reached skill level 1 in Throwing
  1605 | D:2      | Reached skill level 1 in Armour
  1605 | D:2      | Reached skill level 1 in Shields
  1605 | D:2      | Reached skill level 1 in Unarmed Combat
  1605 | D:2      | Reached skill level 1 in Evocations
  1628 | D:2      | Noticed Natasha
  1663 | D:2      | Learned a level 3 spell: Mephitic Cloud
  1851 | D:2      | Noticed Robin
  1856 | D:2      | Reached XP level 4. HP: 32/32 MP: 7/11
  1894 | D:2      | HP: 1/32 [goblin[Robin] (6)]
  1896 | D:2      | Killed Robin
  2335 | D:2      | Killed Natasha
  2336 | D:2      | Reached skill level 1 in Conjurations
  2336 | D:2      | Reached skill level 1 in Hexes
  2336 | D:2      | Reached skill level 1 in Summonings
  2336 | D:2      | Reached skill level 1 in Necromancy
  2336 | D:2      | Reached skill level 1 in Translocations
  2336 | D:2      | Reached skill level 1 in Fire Magic
  2336 | D:2      | Reached skill level 1 in Ice Magic
  2336 | D:2      | Reached skill level 1 in Air Magic
  2336 | D:2      | Reached skill level 1 in Earth Magic
  2509 | D:2      | Noticed Natasha
  2519 | D:2      | Killed Natasha
  2520 | D:2      | Reached XP level 5. HP: 32/37 MP: 2/12
  2525 | D:2      | Learned a level 4 spell: Olgreb's Toxic Radiance
  3061 | D:3      | Found a faded altar of an unknown god.
  3229 | D:3      | Found a burning altar of Makhleb.
  3451 | D:2      | Reached XP level 6. HP: 44/44 MP: 9/13
  3468 | D:2      | Noticed Natasha
  3484 | D:2      | Killed Natasha
  4002 | D:4      | Noticed a water moccasin
  4022 | D:4      | Killed a water moccasin
  4023 | D:4      | Reached skill level 5 in Dodging
  4691 | D:4      | Reached XP level 7. HP: 50/50 MP: 7/15
  5110 | D:5      | Entered Level 5 of the Dungeon
  5294 | D:5      | Found a staircase to the Ecumenical Temple.
  5658 | Temple   | Entered the Ecumenical Temple
  5664 | Temple   | Became a worshipper of Sif Muna the Loreminder
  5927 | D:5      | Reached skill level 5 in Stealth
  5956 | D:5      | Found an ancient bone altar of Kikubaaqudgha.
  6145 | D:5      | Reached XP level 8. HP: 54/57 MP: 16/16
  7802 | D:7      | Noticed Dowan
  7803 | D:7      | Noticed Duvessa
  7810 | D:7      | Killed Dowan
  7846 | D:7      | Killed Duvessa
  7847 | D:7      | Reached XP level 9. HP: 37/65 MP: 8/18
  7852 | D:7      | Learned a level 4 spell: Dispel Undead
  8422 | D:7      | Reached * piety under Sif Muna
  9481 | D:8      | Reached skill level 5 in Invocations
  9944 | D:8      | Found a runed translucent door.
  9947 | D:8      | Noticed ChodeyFoster420's ghost (novice MiBe)
 10136 | D:8      | Reached ** piety under Sif Muna
 10323 | D:8      | Reached XP level 10. HP: 47/73 MP: 15/20
 10460 | D:8      | Learned a level 3 spell: Dazzling Flash
 11427 | D:9      | Reached skill level 5 in Fighting
 11427 | D:9      | Reached skill level 5 in Short Blades
 11427 | D:9      | Reached skill level 5 in Long Blades
 11427 | D:9      | Reached skill level 5 in Axes
 11427 | D:9      | Reached skill level 5 in Maces & Flails
 11427 | D:9      | Reached skill level 5 in Polearms
 11427 | D:9      | Reached skill level 5 in Staves
 11427 | D:9      | Reached skill level 5 in Slings
 11427 | D:9      | Reached skill level 5 in Bows
 11427 | D:9      | Reached skill level 5 in Crossbows
 11427 | D:9      | Reached skill level 5 in Throwing
 11427 | D:9      | Reached skill level 5 in Armour
 11427 | D:9      | Reached skill level 5 in Shields
 11427 | D:9      | Reached skill level 5 in Unarmed Combat
 11427 | D:9      | Reached skill level 5 in Evocations
 12201 | D:9      | Reached skill level 5 in Transmutations
 12388 | D:10     | Entered Level 10 of the Dungeon
 12909 | D:10     | Found a staircase to the Orcish Mines.
 13271 | Orc:1    | Entered Level 1 of the Orcish Mines
 13309 | D:11     | Noticed a manticore
 13372 | D:11     | Found a huge runed translucent gate.
 13529 | D:11     | Noticed a manticore
 13539 | D:11     | Killed a manticore
 13917 | D:11     | Noticed a two-headed ogre
 13930 | D:11     | Killed a two-headed ogre
 13931 | D:11     | Reached XP level 11. HP: 81/81 MP: 12/22
 14062 | D:11     | Noticed a two-headed ogre
 14084 | D:11     | Killed a two-headed ogre
 14085 | D:11     | Reached skill level 5 in Conjurations
 14085 | D:11     | Reached skill level 5 in Hexes
 14085 | D:11     | Reached skill level 5 in Summonings
 14085 | D:11     | Reached skill level 5 in Necromancy
 14085 | D:11     | Reached skill level 5 in Translocations
 14085 | D:11     | Reached skill level 5 in Fire Magic
 14085 | D:11     | Reached skill level 5 in Ice Magic
 14085 | D:11     | Reached skill level 5 in Air Magic
 14085 | D:11     | Reached skill level 5 in Earth Magic
 14160 | D:11     | Found a portal to a secret trove of treasure.
 14187 | D:11     | Noticed a two-headed ogre
 14199 | D:11     | Reached *** piety under Sif Muna
 14207 | D:11     | Killed a two-headed ogre
 14356 | D:11     | Found a huge runed translucent gate.
 14357 | D:11     | Found a huge runed translucent gate.
 14358 | D:11     | Found a huge runed translucent gate.
 14394 | D:11     | Found a staircase to the Lair.
 14896 | Lair:1   | Entered Level 1 of the Lair of Beasts
 14916 | Lair:1   | Identified the +8 chain mail "Feupiluf" {rF++ rN+ Stlth-}
 15847 | Lair:1   | Found a transporter.
 15847 | Lair:1   | Noticed a boulder beetle
 15848 | Lair:1   | Found a transporter.
 16228 | Lair:2   | Reached XP level 12. HP: 89/89 MP: 18/24
 16974 | Lair:2   | Found a staircase to the Shoals.
 17207 | Lair:2   | Reached **** piety under Sif Muna
 18128 | Lair:3   | Reached XP level 13. HP: 98/98 MP: 24/26
 18642 | Lair:3   | Found a hole to the Spider Nest.
 20437 | Lair:4   | Reached ***** piety under Sif Muna
 20929 | Lair:4   | Received a gift from Sif Muna
 20933 | Lair:4   | Got Sif Muna's Guide on Confrontation and Bewitchment {god
                  | gift}
 20995 | Lair:3   | Learned a level 5 spell: Freezing Cloud
 21001 | Lair:3   | Learned a level 5 spell: Fireball
 21282 | Lair:4   | Reached XP level 14. HP: 106/106 MP: 16/27
 22072 | Lair:4   | Reached skill level 10 in Spellcasting
 23096 | Lair:5   | Reached skill level 10 in Dodging
 23529 | Lair:5   | Noticed Rupert
 24117 | Lair:4   | HP: 1/80 [Rupert (6)]
 24128 | Lair:4   | Demolished by Rupert

Illustrated notes

Levels and vault maps discovered:
D:1:      shiori_arrival_whats_in_store_for_you, layout_basic
D:2:      layout_basic, basic_altar, minmay_tromino_mix6, uniq_robin,
          uniq_natasha
D:3:      layout_basic, mainiacjoe_overflow_tiny_flanked,
          hellmonk_ecumenical_altar_lost_god
D:4:      layout_loops_ring
D:5:      layout_gridville, minmay_temple_entry_junction, grunt_decor_cap,
          minmay_ruined_shrine
D:6:      layout_gridville
D:7:      layout_loops_ring, minmay_misc_feat_ornament, uniq_duvessa
D:8:      layout_rooms, ebering_ghost_inner_flame, dk_vineyard_3, centaur_isle
D:9:      layout_loops_ring, the_hattery
D:10:     layout_loops_corners, orc_0_dummy
D:11:     lemuel_bear_cage, layout_loops_ring, david_lair_generic,
          nicolae_trove_entry_crossroad
Temple:   nicolae_temple_the_god_donut
Lair:1:   gammafunk_boulding_lane, layout_hall_layers, infiniplex_staircase_pool
Lair:2:   layout_small_grid, minmay_shoals_entry_centaurs, serial_bayou_shore_b
Lair:3:   layout_layer_cave, nicolae_spider_entry_orb_guardian,
          lemuel_old_faithful, serial_bayou_shore_b, lemuel_fruit_tree
Lair:4:   layout_gridlike, st_stairs_6, minmay_lair_oklob_chamber
Lair:5:   layout_regular_city, uniq_rupert
Orc:1:    layout_diamond_mine, serial_shops, shop, uniq_fannar

Skill      XL: |  1  2  3  4  5  6  7  8  9 10 11 12 13 14 |
---------------+-------------------------------------------+-----
Transmutations | 2 3 4 5 6 7 |  7.8
Spellcasting   | 5 6 7 8 9 10 | 10.2
Invocations    | 1 2 3 4 5 6 7 8 9 |  9.8
Fighting       | 1 2 3 4 5 6 7 8 9 |  9.0
Short Blades   | 1 2 3 4 5 6 7 8 9 |  9.0
Long Blades    | 1 2 3 4 5 6 7 8 9 |  9.0
Axes           | 1 2 3 4 5 6 7 8 9 |  9.0
Maces & Flails | 1 2 3 4 5 6 7 8 9 |  9.0
Polearms       | 1 2 3 4 5 6 7 8 9 |  9.0
Staves         | 1 2 3 4 5 6 7 8 9 |  9.0
Slings         | 1 2 3 4 5 6 7 8 9 |  9.0
Bows           | 1 2 3 4 5 6 7 8 9 |  9.0
Crossbows      | 1 2 3 4 5 6 7 8 9 |  9.0
Throwing       | 1 2 3 4 5 6 7 8 9 |  9.0
Armour         | 1 2 3 4 5 6 7 8 9 |  9.0
Shields        | 1 2 3 4 5 6 7 8 9 |  9.0
Unarmed Combat | 1 2 3 4 5 6 7 8 9 |  9.0
Evocations     | 1 2 3 4 5 6 7 8 9 |  9.0
Conjurations   | 1 2 3 4 5 6 7 |  7.5
Hexes          | 1 2 3 4 5 6 7 |  7.5
Summonings     | 1 2 3 4 5 6 7 |  7.5
Necromancy     | 1 2 3 4 5 6 7 |  7.5
Translocations | 1 2 3 4 5 6 7 |  7.5
Fire Magic     | 1 2 3 4 5 6 7 |  7.5
Ice Magic      | 1 2 3 4 5 6 7 |  7.5
Air Magic      | 1 2 3 4 5 6 7 |  7.5
Earth Magic    | 1 2 3 4 5 6 7 |  7.5
Dodging        | 5 6 7 8 9 10 | 10.1
Stealth        | 5 6 7 8 9 |  9.9
Poison Magic   | 6 7 8 9 |  9.3

Action                   |  1- 3 |  4- 6 |  7- 9 | 10-12 | 13-15 || total
-------------------------+-------+-------+-------+-------+-------++-------
Melee: Staff             |    26 |    37 |    12 |       |       ||    75
       Bite              |     3 |     8 |    26 |    23 |    30 ||    90
       Dagger            |     2 |   110 |   201 |   292 |   320 ||   925
       Punch             |       |     3 |     5 |     5 |     6 ||    19
       Flail             |       |       |    95 |       |       ||    95
 Cast: Sting             |    42 |    16 |    34 |    37 |    23 ||   152
       Poisonous Vapours |    15 |    18 |    56 |    60 |    30 ||   179
       Mephitic Cloud    |     1 |    17 |    29 |    49 |    36 ||   132
       Olgreb's Toxic Ra |       |       |     5 |     5 |    13 ||    23
       Dispel Undead     |       |       |     4 |     4 |       ||     8
       Dazzling Flash    |       |       |       |    19 |    48 ||    67
       Freezing Cloud    |       |       |       |       |    24 ||    24
       Fireball          |       |       |       |       |     1 ||     1
Evoke: Wand              |       |       |       |     3 |     2 ||     5
  Use: Potion            |       |     1 |     3 |     2 |     2 ||     8
       Scroll            |       |       |       |    12 |     1 ||    13
 Stab: Sleeping          |     1 |     4 |     4 |    11 |    12 ||    32
       Confused          |       |     3 |    14 |    41 |    22 ||    80
       Invisible         |       |       |       |     9 |    17 ||    26
       Distracted        |       |       |       |       |     1 ||     1
Armor: Robe              |    10 |    10 |    77 |    30 |    43 ||   170
Dodge: Dodged            |    52 |   123 |   357 |   253 |   250 ||  1035
